 Dungeon Crawl Stone Soup version 0.31-a0-672-g7da72447bb (webtiles) character file.

Game seed: 17469256455186717063

9 senseless the Chopper (level 2, 21/21 HPs)
             Began as a Demonspawn Wanderer on Sept 4, 2023.
             Quit the game on level 1 of the Dungeon.
             The game lasted 00:01:20 (266 turns).

senseless the Chopper (Demonspawn Wanderer)          Turns: 266, Time: 00:01:21

Health: 21/21      AC:  5    Str: 10    XL:     2   Next: 3%
Magic:  6/6        EV: 10    Int: 16    God:
Gold:   20         SH:  0    Dex: 11    Spells: 6/7 levels left

rFire   . . .        a - +2 hand axe
rCold   . . .        (no shield)
rNeg    . . .        b - +0 ring mail
rPois   .            (no helmet)
rElec   .            (no cloak)
rCorr   .            (no gloves)
SInv    .            (no boots)
Will    .....        (no amulet)
Stlth   +            (no ring)
HPRegen 0.23/turn    (no ring)
MPRegen 0.20/turn

%: no passive effects
@: no status effects
A: magic regeneration
a: no special abilities


You were on level 1 of the Dungeon.
You visited 1 branch of the dungeon, and saw 1 of its levels.

You collected 20 gold pieces.

Inventory:

Hand Weapons
 a - a +2 hand axe (weapon)
Armour
 b - a +0 ring mail (worn)
Scrolls
 c - a scroll of silence
 d - a scroll of noise {unknown}
 e - 2 scrolls of poison {unknown}
 f - a scroll of immolation {unknown}
Potions
 g - a potion of heal wounds {unknown}
 h - a potion of curing {unknown}


   Skills:
 + Level 1.3 Fighting
 + Level 3.7 Axes
 + Level 1.2 Armour
 + Level 1.2 Dodging
 - Level 3.0 Spellcasting


You had 6 spell levels left.
You knew the following spells:

 Your Spells              Type           Power      Damage    Failure   Level
a - Apportation           Tloc           4%         N/A       43%         1

Your spell library contained the following spells:

 Spells                   Type           Power      Damage    Failure   Level
 Volatile Blastmotes      Fire/Tloc      4%         2d10      80%         3


Dungeon Overview and Level Annotations

Branches:
Dungeon (1/15)

Altars:


Innate Abilities, Weirdness & Mutations

You regenerate magic rapidly.


Message History

The hobgoblin hits you but does no damage.
You hit the hobgoblin.
You kill the hobgoblin!
No target in view!
No target in view!
No target in view!
No target in view!
No target in view!
No target in view!
No target in view!
No target in view!
No target in view!
No target in view!
No target in view!
f - a scroll labelled LIROPISITU
g - a glowing inky potion
Found a ring mail.
Found a stone staircase leading down.
You now have 15 gold pieces (gained 10).
You now have 20 gold pieces (gained 5).
You see here a +0 ring mail.
h - a red potion No target in view!
No target in view!
Found 3 poisoned darts.
A quokka comes into view.
A frilled lizard comes into view.
The frilled lizard hisses angrily.
The quokka barely misses you. x2
You barely miss the quokka. The quokka barely misses you.
You closely miss the quokka. The quokka bites you.
You slash the quokka!
You kill the quokka!
You have reached level 2!
Your demonic ancestry asserts itself...
Your magic begins to regenerate rapidly.
The frilled lizard bites you but does no damage.
You hit the frilled lizard.
You kill the frilled lizard!
Found 5 stones.
Are you sure you want to abandon this character and quit the game? (Confirm with "yes".)

# ..............####+## ######
##..#.....#......####+## .....
.(.###...###.###.......# ...#
#..#.....#..# #.......#
...#########.........####.......#
#####.......#.#####.....#.....[.#
'.............................>.#
#####.#...#..#..#..#....#........
# #.#.....###.@.###...##.....## #
#.....#..#..#..#....##.....##
#####..........................##
..........#.....########.......#.
######....#..... #.........
..........#..... #.......#.
######.##.#..... ###.......
#.#..#.#### #....... #.#.##.#
#.......


There were no monsters in sight!

Vanquished Creatures
  A ball python (D:1)
  A giant cockroach (D:1)
  2 hobgoblins (D:1)
  A quokka (D:1)
  2 frilled lizards (D:1)
  A kobold (D:1)
8 creatures vanquished.

Notes
Turn   | Place    | Note
-------+----------+-------------------------------------------
     0 | D:1      | senseless the Demonspawn Wanderer began the quest for the
                  | Orb.
     0 | D:1      | senseless set off with the following items: a +2 hand axe,
                  | a +0 ring mail, a scroll of silence; and the following
                  | spell memorised: Apportation; and the following spells
                  | available to memorise: Volatile Blastmotes.
     0 | D:1      | Reached XP level 1. HP: 15/15 MP: 4/4
   242 | D:1      | Gained mutation: You regenerate magic rapidly. [demonic
                  | ancestry]
   242 | D:1      | Reached XP level 2. HP: 18/21 MP: 6/6
   266 | D:1      | Quit the game

Illustrated notes

Levels and vault maps discovered:
D:1:      lightli_arrival_windingriver, layout_basic, serial_glass,
          glass_columns_b, glass_columns_c, minmay_strange_pillars,
          minmay_strange_pillars, minmay_strange_pillars

Action                     || total
---------------------------++-------
  Melee: Hand axe          ||    24
 Armour: Ring mail         ||    15
  Dodge: Dodged            ||    11

Table legend: (Time is in decaauts)
 A = Elapsed time spent in this place.
 B = Non-inter-level travel time spent in this place.
 C = Inter-level travel time spent in this place.
 D = Time resting spent in this place.
 E = Time spent auto-exploring this place.
 F = Levels seen in this place.
 G = Mean time per level.
                   A        B        C        D        E       F      G
               +--------+--------+--------+--------+--------+-----+--------+
         Total |    270 |    270 |      0 |      0 |    209 |   1 |  270.0 |
       Dungeon |    270 |    270 |      0 |      0 |    209 |   1 |  270.0 |
               +--------+--------+--------+--------+--------+-----+--------+

Top non-repeatable levels by time:
     D:1: 270 daAuts
